 Dungeon Crawl Stone Soup version 0.30.0-10-gfe55d96785 (webtiles) character file.

Game seed: 3424579799141774969

4200 ANNNA the Magician (level 10, -3/77 HPs)
             Began as a Yellow Draconian Ice Elementalist on May 15, 2023.
             Was an Initiate of Ashenzari.
             Slain by a troll zombie (9 damage)
             ... on level 10 of the Dungeon.
             The game lasted 00:37:48 (11106 turns).

ANNNA the Magician (DrIE)                          Turns: 11106, Time: 00:37:50

Health: -3/77      AC: 14    Str: 12    XL:     10   Next: 8%
Magic:  14/21      EV: 14    Int: 20    God:    Ashenzari [......]
Gold:   432        SH:  0    Dex: 18    Spells: 13/24 levels left

rFire   . . .        I - +0 halberd
rCold   . . .        (shield currently unavailable)
rNeg    . . .        (body armour unavailable)
rPois   +            (helmet restricted)
rElec   .            c - scarf {shadows}
rCorr   +            (no gloves)
SInv    .            (no boots)
Will    .....        l - amulet of the acrobat
Stlth   +++          x - ring of poison resistance
HPRegen 0.32/turn    L - +6 ring of intelligence
MPRegen 0.17/turn

%: acrobat
@: ice-armoured, short of breath
A: spit acid, AC +7, unfitting armour, cold-blooded, acid resistance, agile 1,
teleportitis 1
a: Breathe Acid, Renounce Religion, Curse Item


You were on level 10 of the Dungeon.
You worshipped Ashenzari.
Ashenzari was noncommittal.
You visited 2 branches of the dungeon, and saw 11 of its levels.
You also visited: Sewer.

You collected 432 gold pieces.

Inventory:

Hand Weapons
 j - a +0 dagger
 z - a +0 trident
 I - a +0 halberd (weapon)
Missiles
 n - 72 stones (quivered)
 v - 3 silver javelins
 A - 2 throwing nets
 E - 4 javelins
 F - 23 poisoned darts
Armour
 c - a scarf of shadows (worn)
 k - a +0 cloak
Jewellery
 i - an amulet of magic regeneration
 l - an amulet of the acrobat (around neck)
 w - an amulet of reflection
 x - a ring of poison resistance (left hand)
 L - a +6 ring of intelligence (right hand)
Wands
 C - a wand of charming (4)
 D - a wand of flame (25)
Scrolls
 b - 2 scrolls of torment
 e - 4 scrolls of enchant armour
 f - 3 scrolls of noise
 g - 3 scrolls of immolation
 h - 3 scrolls of fear
 m - 4 scrolls of teleportation
 o - a scroll of brand weapon {unknown}
 p - 2 scrolls of vulnerability {unknown}
 q - a scroll of enchant weapon {unknown}
 r - 3 scrolls of butterflies
 s - a scroll of fog {unknown}
 t - 2 scrolls of magic mapping {unknown}
 y - 2 scrolls of silence
 B - 2 scrolls of poison
 J - a scroll of amnesia {unknown}
 K - a scroll of blinking {unknown}
Potions
 a - 2 potions of magic
 d - a potion of haste
 u - 2 potions of curing
 G - a potion of attraction {unknown}
 H - a potion of cancellation {unknown}


   Skills:
 + Level 3.4 Fighting
 + Level 1.0 Short Blades
 + Level 5.3 Polearms
 + Level 0.1 Throwing
 + Level 3.8 Dodging
 * Level 5.4 Stealth
 + Level 1.0 Unarmed Combat
 * Level 7.7 Spellcasting
 + Level 6.9 Ice Magic
 * Level 5.2 Evocations


You had 13 spell levels left.
You knew the following spells:

 Your Spells              Type           Power      Damage    Failure   Level
a - Freeze                Ice            100%       1d10      1%          1
b - Frozen Ramparts       Ice            70%        1d11      1%          3
c - Ozocubu's Armour      Ice            35%        N/A       1%          3
d - Summon Ice Beast      Ice/Summ       21%        N/A       22%         4

Your spell library contained the following spells:

 Spells                   Type           Power      Damage    Failure   Level
 Ensorcelled Hibernation  Hex/Ice        42%        N/A       3%          2
 Apportation              Tloc           14%        N/A       9%          1
 Magic Dart               Conj           28%        1d4       9%          1
 Slow                     Hex            28%        N/A       9%          1
 Call Imp                 Summ           14%        N/A       13%         2
 Confusing Touch          Hex            7%         N/A       26%         3
 Mephitic Cloud           Conj/Pois/Air  7%         N/A       26%         3
 Tukima's Dance           Hex            7%         N/A       26%         3
 Vampiric Draining        Necr           7%         2d6       26%         3
 Olgreb's Toxic Radiance  Pois           7%         N/A       65%         4
 Passage of Golubria      Tloc           7%         N/A       65%         4
 Alistair's Intoxication  Tmut/Pois      4%         N/A       94%         5
 Yara's Violent Unravell  Hex/Tmut       3%         3d4       94%         5
 Ozocubu's Refrigeration  Ice            17%        4d11      99%         7
 Discord                  Hex            3%         N/A       100%        8
 Ignition                 Fire           3%         3d4       100%        8
 Fire Storm               Conj/Fire      3%         8d1       100%        9


Dungeon Overview and Level Annotations

Branches:
Dungeon (9/15)             Temple (1/1) D:7           Sewer (visited)
   Lair: D:8-11         Orc: D:9-12

Altars:
Ashenzari
Cheibriados
Dithmenos
Elyvilon
Fedhas
Gozag
Hepliaklqana
Kikubaaqudgha
Makhleb
Nemelex Xobeh
Okawaru
Qazlal
Sif Muna
Trog
Uskayaw
Vehumet
Xom
Yredelemnul
Zin
The Shining One

Shops:
D:2 (


Innate Abilities, Weirdness & Mutations

You can spit globs of acid.
Your golden yellow scales are hard. (AC +7)
You cannot fit into any form of body armour.
You are cold-blooded and may be slowed by cold attacks.
You are resistant to acid. (rCorr)
You are agile. (Dex +4, Str/Int -1)
You are occasionally teleported next to monsters.


Message History

* * * LOW HITPOINT WARNING * * *
The troll zombie completely misses you.
The troll zombie claws you but does no damage.
Casting: Ozocubu's Armour (safe; 1% risk of failure)
Confirm with . or Enter, or press ? or * to list all spells.
Aiming: Freeze (safe; 1% risk of failure)
Press: ? - help, Shift-Dir - straight line, f/p - troll zombie
Aim: a troll zombie (severely damaged)
You freeze the troll zombie but do no damage.
The troll zombie completely resists.
The troll zombie bites you.
* * * LOW HITPOINT WARNING * * *
The troll zombie claws you but does no damage.
The troll zombie claws you.
* * * LOW HITPOINT WARNING * * *
Casting: Freeze (safe; 1% risk of failure)
Confirm with . or Enter, or press ? or * to list all spells.
Aiming: Freeze (safe; 1% risk of failure)
Press: ? - help, Shift-Dir - straight line, f/p - troll zombie
Aim: a troll zombie (severely damaged)
You freeze the troll zombie.
The troll zombie resists.
The troll zombie is severely damaged.
Unknown command.
Casting: Freeze (safe; 1% risk of failure)
Confirm with . or Enter, or press ? or * to list all spells.
Aiming: Freeze (safe; 1% risk of failure)
Press: ? - help, Shift-Dir - straight line, f/p - troll zombie
Aim: a troll zombie (severely damaged)
You freeze the troll zombie but do no damage.
The troll zombie completely resists.
The troll zombie bites you.
* * * LOW HITPOINT WARNING * * *
The troll zombie claws you but does no damage.
The troll zombie claws you.
* * * LOW HITPOINT WARNING * * *
Aiming: Throw Flame
Press: ? - help, Shift-Dir - straight line, f/p - troll zombie
Aim: a troll zombie (severely damaged, 91% to hit)
The puff of flame hits the troll zombie!
The troll zombie is almost destroyed.
The troll zombie misses you. The troll zombie claws you!
You die...

## #. ####Z #.#Z#
##..@## #.#
#.#.#.### #.#
##........ #.#
###...)##..# #.#
#..##..# ##.. #.#
#.###### #
#######.###.######
..........>.......
#####..###.######.


You could see a troll zombie and an orc skeleton.

Vanquished Creatures
  Pikel (D:7)
  Prince Ribbit (D:5)
  A wyvern (D:5)
  Menkaure (D:7)
  Edmund (D:5)
  2 acid dragons
  A nameless horror (D:7)
  2 orc warriors (D:8)
  A black bear (D:5)
  2 ice beasts (D:6)
  2 ogres
  Pargi (Sewer)
  5 centaurs
  2 phantoms (D:6)
  4 lemures (D:7)
  A kobold brigand (D:6)
  A bullfrog (D:8)
  2 scorpions (D:5)
  5 wights (D:7)
  3 killer bees (D:7)
  3 howler monkeys (D:8)
  2 jellies
  2 hounds
  2 gnoll boudas
  4 orc priests
  Ijyb (D:5)
  A sleepcap (D:8)
  3 iguanas
  3 orc wizards
  Natasha (thrice) (D:3)
  8 gnolls
  8 adders
  A river rat (D:3)
  3 shadow imps
  A white imp (D:6)
  An ufetubus (D:6)
  4 worms
  4 dart slugs
  19 orcs
  6 ball pythons
  2 bats
  3 endoplasms
  A giant cockroach (D:3)
  14 goblins
  9 hobgoblins
  8 jackals
  3 quokkas
  9 frilled lizards
  A goblin skeleton (D:10)
  A goblin zombie (D:10)
  9 kobolds
  An orc zombie (D:10)
  5 rats
184 creatures vanquished.

Vanquished Creatures (others)
  A steam dragon (D:7)
  A wight (D:7)
2 creatures vanquished.

Grand Total: 186 creatures vanquished

Notes
Turn   | Place    | Note
-------+----------+-------------------------------------------
     0 | D:1      | ANNNA the Draconian Ice Elementalist began the quest for
                  | the Orb.
     0 | D:1      | Reached XP level 1. HP: 14/14 MP: 3/3
   300 | D:1      | Reached XP level 2. HP: 14/20 MP: 5/5
  1244 | D:2      | Found an opulent altar of Gozag.
  1257 | D:2      | Found a faded altar of an unknown god.
  1367 | D:2      | Reached XP level 3. HP: 23/26 MP: 6/6
  1371 | D:2      | Learned a level 3 spell: Frozen Ramparts
  1503 | D:2      | Found Zoofull's Antique Weapon Shoppe.
  1618 | D:2      | Reached skill level 1 in Unarmed Combat
  1800 | D:2      | Reached skill level 1 in Evocations
  2168 | D:3      | Learned a level 3 spell: Ozocubu's Armour
  2233 | D:3      | Reached XP level 4. HP: 33/33 MP: 4/7
  2430 | D:3      | Found a glowing drain.
  2445 | Sewer    | Entered a sewer
  2479 | Sewer    | Noticed Pargi
  2514 | Sewer    | Killed Pargi
  2515 | Sewer    | Reached skill level 3 in Spellcasting
  2515 | Sewer    | Reached XP level 5. HP: 18/39 MP: 0/9
  2880 | D:3      | Noticed Natasha
  2892 | D:3      | Killed Natasha
  3006 | D:3      | Noticed Natasha
  3017 | D:3      | Killed Natasha
  3409 | D:3      | Noticed Natasha
  3415 | D:3      | Killed Natasha
  3416 | D:3      | Reached skill level 1 in Short Blades
  3416 | D:3      | Reached XP level 6. HP: 46/46 MP: 7/11
  3513 | D:4      | Got the Opusculum on Frigid Flame
  3702 | D:4      | Reached skill level 4 in Spellcasting
  3707 | D:4      | Reached skill level 1 in Fighting
  3707 | D:4      | Reached skill level 5 in Ice Magic
  4151 | D:5      | Entered Level 5 of the Dungeon
  4353 | D:5      | Noticed Edmund
  4399 | D:5      | Killed Edmund
  4400 | D:5      | Reached skill level 1 in Polearms
  4400 | D:5      | Your scales start taking on a golden yellow colour.
  4400 | D:5      | Reached XP level 7. HP: 34/52 MP: 0/13
  4400 | D:5      | Gained mutation: You are resistant to acid. (rCorr) [Yellow
                  | Draconian growth]
  4738 | D:5      | Noticed Ijyb
  4748 | D:5      | Killed Ijyb
  4899 | D:5      | Reached skill level 5 in Spellcasting
  5120 | D:5      | Noticed Prince Ribbit
  5134 | D:5      | Killed Prince Ribbit
  5135 | D:5      | Reached XP level 8. HP: 55/59 MP: 6/15
  6553 | D:6      | HP: 2/61 [ice beast (7)]
  6556 | D:6      | Gained mutation: You are occasionally teleported next to
                  | monsters. [potion of mutation]
  6556 | D:6      | Gained mutation: You are agile. (Dex +4, Str/Int -1)
                  | [potion of mutation]
  6565 | D:6      | Found a sparkling altar of Nemelex Xobeh.
  7053 | D:6      | Found a radiant altar of Vehumet.
  7058 | D:6      | Found a hazy altar of Hepliaklqana.
  7066 | D:6      | Reached skill level 6 in Spellcasting
  7086 | D:6      | Reached XP level 9. HP: 20/68 MP: 8/18
  7088 | D:6      | Found an iron altar of Okawaru.
  7865 | D:7      | HP: 3/68 [steam dragon/ball of steam (27)]
  7899 | D:7      | Noticed Pikel
  8036 | D:7      | Killed Pikel
  8157 | D:7      | Learned a level 4 spell: Summon Ice Beast
  8177 | D:7      | Found a white marble altar of Elyvilon.
  8181 | D:7      | Found a glowing silver altar of Zin.
  8216 | D:7      | Noticed Menkaure
  8233 | D:7      | Killed Menkaure
  8234 | D:7      | Reached skill level 7 in Spellcasting
  8421 | D:7      | Reached skill level 5 in Stealth
  8574 | D:7      | Found a glowing golden altar of the Shining One.
  8745 | D:7      | Reached skill level 5 in Polearms
  9040 | D:7      | Found a staircase to the Ecumenical Temple.
  9052 | Temple   | Entered the Ecumenical Temple
  9120 | Temple   | Became a worshipper of Ashenzari the Shackled
  9200 | D:7      | Found a blossoming altar of Fedhas.
  9200 | D:7      | Found a snail-covered altar of Cheibriados.
  9201 | D:7      | Found a basalt altar of Yredelemnul.
  9476 | D:8      | Reached skill level 5 in Evocations
  9988 | D:8      | Found a burning altar of Makhleb.
 10290 | D:8      | Reached XP level 10. HP: 38/77 MP: 17/21
 11065 | D:9      | You fall into a shaft and drop 1 floor!
 11065 | D:10     | Entered Level 10 of the Dungeon
 11106 | D:10     | Slain by a troll zombie

Illustrated notes

Levels and vault maps discovered:
D:1:      wander_arrival_desolate, layout_loops_corners, minmay_cupped
D:2:      cheibrodos_greedy_goblins, layout_basic, basic_altar, serial_shops,
          nicolae_shop_back_alley_shop, hellmonk_ecumenical_altar_heavens_door
D:3:      layout_rooms, serial_rivers, chequers_serial_rivers_small_a,
          chequers_serial_rivers_small_3, chequers_serial_rivers_micro_e,
          chequers_serial_rivers_micro_a, chequers_serial_rivers_micro_c,
          gup_sewer_entry_bubbles, uniq_natasha
D:4:      layout_rooms
D:5:      layout_basic, uniq_edmund, uniq_prince_ribbit1, uniq_ijyb
D:6:      layout_basic, grunt_temple_overflow_open,
          mainiacjoe_overflow_cross_hatched
D:7:      layout_cave_pools, good_gods_mini_temple,
          gammafunk_temple_overflow_forgotten, minmay_temple_entry_mist,
          uniq_pikel, uniq_menkaure
D:8:      nicolae_whirlpool, layout_gridville, kennysheep_little_box
D:9:      layout_cave_pools, gammafunk_ghost_cemetery
D:10:     layout_loops_ring, mainiacjoe_overflow_divided_tiny, zombieorc1_lemuel
Temple:   dpeg_three_leaves_temple

Skill      XL: |  1  2  3  4  5  6  7  8  9 |
---------------+----------------------------+-----
Stealth        | 2 3 4 5 |  5.4
Unarmed Combat | 1 |  1.0
Evocations     | 1 2 3 4 5 |  5.2
Dodging        | 2 3 |  3.8
Spellcasting   | 3 4 5 6 7 |  7.7
Short Blades   | 1 |  1.0
Fighting       | 1 2 3 |  3.4
Ice Magic      | 5 6 |  6.9
Polearms       | 1 2 4 5 |  5.3
Throwing       | |  0.1

Action                     |  1- 3 |  4- 6 |  7- 9 | 10-12 || total
---------------------------+-------+-------+-------+-------++-------
  Melee: Unarmed           |    52 |       |       |       ||    52
         Tailslap          |    16 |    11 |    23 |    13 ||    63
         Dagger            |    73 |   101 |       |       ||   174
         Punch             |     3 |     4 |     3 |       ||    10
         Trident           |       |    52 |   256 |    35 ||   343
         Halberd           |       |       |       |    14 ||    14
  Throw: Throwing net      |       |     2 |       |       ||     2
   Cast: Freeze            |    14 |    48 |    34 |     7 ||   103
         Frozen Ramparts   |     4 |     9 |    37 |     5 ||    55
         Ozocubu's Armour  |       |     7 |    32 |     6 ||    45
Ability: Breathe Acid      |       |       |    16 |     2 ||    18
  Evoke: Wand              |       |       |    23 |     1 ||    24
    Use: Potion            |       |     5 |     7 |       ||    12
         Scroll            |       |     2 |     8 |     1 ||    11
   Stab: Sleeping          |     2 |     3 |     7 |     1 ||    13
         Distracted        |       |       |     2 |       ||     2
 Armour: Skin              |    27 |    72 |   161 |    42 ||   302
  Dodge: Dodged            |    75 |   142 |   392 |    59 ||   668
